 Dungeon Crawl Stone Soup version 0.31.0-4-g52a2dc7128 (webtiles) character file.

Game seed: 15221947194862556178

61687 PaiMei the Black Sun (level 14, -6/118 HPs)
             Began as a Demonspawn Necromancer on Jan 23, 2024.
             Was a High Priest of Kikubaaqudgha.
             Incinerated by a deep elf pyromancer (11 damage)
             ... with a pyre arrow
             ... on level 13 of the Dungeon.
             The game lasted 01:01:23 (36177 turns).

PaiMei the Black Sun (Demonspawn Necromancer)      Turns: 36177, Time: 01:01:24

Health: -6/118     AC: 10    Str:  8    XL:     14   Next: 61%
Magic:  23/39      EV: 19    Int: 24    God:    Kikubaaqudgha [*****.]
Gold:   845        SH:  0    Dex: 20    Spells: 7/37 levels left

rFire   . . .        E - +6 mace "Roahoyv" {heavy, rC+}
rCold   + . .        (no shield)
rNeg    . . .        U - +0 troll leather armour
rPois   .            g - +0 hat {Int+3}
rElec   .            u - +0 cloak
rCorr   .            c - +0 pair of gloves
SInv    .            I - +2 pair of boots
Will    +....        M - amulet of magic regeneration
Stlth   +            d - +6 ring of dexterity
HPRegen 1.19/turn    Y - ring of magical power
MPRegen 0.66/turn

%: no passive effects
@: on fire, glowing
A: antennae 1, ignite blood 2, powered by death 2, sharp scales 2
a: Renounce Religion, Unearth Wretches, Torment


You were on level 13 of the Dungeon.
You worshipped Kikubaaqudgha.
Kikubaaqudgha was extremely pleased with you.
You visited 3 branches of the dungeon, and saw 19 of its levels.

You collected 1402 gold pieces.
You spent 557 gold pieces at shops.

Inventory:

Hand Weapons
 E - the +6 mace "Roahoyv" (weapon) {heavy, rC+}
   (You found it on level 5 of the Dungeon)

   rC+:       It protects you from cold.
Missiles
 i - 40 poisoned darts
 J - 5 atropa-tipped darts (quivered)
Armour
 c - a +0 pair of gloves (worn)
 g - a +0 hat of intelligence (worn)
 u - a +0 cloak (worn)
 H - a +0 buckler
 I - a +2 pair of boots (worn)
 T - an orb of mayhem
 U - a +0 troll leather armour (worn)
Magical Staves
 R - a staff of death
Jewellery
 a - a ring of willpower
 d - a +6 ring of dexterity (left hand)
 M - an amulet of magic regeneration (around neck)
 O - an amulet of guardian spirit
 S - a +6 ring of dexterity
 V - a +6 ring of strength
 X - a ring of wizardry
 Y - a ring of magical power (right hand)
Talismans
 B - a talisman of death
Wands
 h - a wand of roots (27)
 y - a wand of flame (46)
 P - a wand of paralysis (4)
 W - a wand of polymorph (6)
Scrolls
 e - 4 scrolls of amnesia
 j - 5 scrolls of fog
 m - 4 scrolls of revelation
 n - 4 scrolls of fear
 o - 3 scrolls of immolation
 q - 2 scrolls of vulnerability
 t - a scroll of summoning
 v - 5 scrolls of teleportation
 w - a scroll of blinking
 A - 3 scrolls of poison
 C - 2 scrolls of enchant weapon
 G - a scroll of silence
 K - a scroll of enchant armour
 Q - a scroll of torment {unknown}
Potions
 b - a potion of magic
 k - 5 potions of curing
 l - 3 potions of attraction
 p - a potion of ambrosia {unknown}
 s - a potion of invisibility {unknown}
 x - 2 potions of berserk rage
 D - 3 potions of enlightenment
 F - 4 potions of lignification
 N - a potion of might {unknown}
Miscellaneous
 f - a tin of tremorstones (2/2)
 r - a phantom mirror
 z - a sack of spiders
 L - a phial of floods


   Skills:
 - Level 13.0 Fighting
 + Level 1.9 Maces & Flails
 - Level 11.0 Dodging
 - Level 2.4 Stealth
 + Level 1.8 Shields
 + Level 12.2 Spellcasting
 + Level 14.9 Necromancy
 + Level 6.0 Evocations


You had 7 spell levels left.
You knew the following spells:

 Your Spells              Type           Power      Damage    Failure   Level
a - Necrotise             Necr           100%       1d9       0%          1
b - Vampiric Draining     Necr           72%        2d11      1%          3
c - Animate Dead          Necr           72%        N/A       1%          4
d - Curse of Agony        Necr           72%        N/A       1%          5
e - Dispel Undead         Necr           72%        3d24      1%          4
f - Borgnjor's Vile Clut  Necr/Erth      25%        N/A       8%          5
g - Martyr's Knell        Necr/Summ      50%        N/A       2%          4
h - Anguish               Hex/Necr       25%        N/A       2%          4

Your spell library contained the following spells:

 Spells                   Type           Power      Damage    Failure   Level
 Kiss of Death            Conj/Necr      100%       2d13      1%          1
 Cigotuvi's Dreadful Rot  Necr/Alch/Air  76%        N/A       1%          2
 Sublimation of Blood     Necr           72%        N/A       1%          2
 Fugue of the Fallen      Necr           72%        N/A       1%          3
 Death Channel            Necr           36%        N/A       1%          6
 Apportation              Tloc           28%        N/A       6%          1
 Shock                    Conj/Air       56%        1d6       6%          1
 Blink                    Tloc           28%        N/A       10%         2
 Jinxbite                 Hex            28%        N/A       10%         2
 Lesser Beckoning         Tloc           28%        N/A       10%         2
 Momentum Strike          Conj/Tloc      28%        3d8       10%         2
 Confusing Touch          Hex            14%        N/A       19%         3
 Frozen Ramparts          Ice            28%        1d5       19%         3
 Stone Arrow              Conj/Erth      28%        3d8       19%         3
 Swiftness                Air            14%        N/A       19%         3
 Airstrike                Air            7%         2d(1-17)  52%         4
 Animate Armour           Summ/Erth      28%        N/A       52%         4
 Cause Fear               Hex            7%         N/A       52%         4
 Ignite Poison            Fire/Alch      14%        N/A       52%         4
 Leda's Liquefaction      Alch/Erth      7%         N/A       52%         4
 Petrify                  Alch/Erth      14%        N/A       52%         4
 Alistair's Intoxication  Alch           9%         N/A       86%         5
 Freezing Cloud           Conj/Ice/Air   7%         6-21      86%         5
 Metabolic Englaciation   Hex/Ice        7%         N/A       86%         5
 Conjure Ball Lightning   Conj/Air       7%         3x3d6     100%        6
 Enfeeble                 Hex            7%         N/A       100%        7
 Discord                  Hex            7%         N/A       100%        8
 Disjunction              Tloc           7%         N/A       100%        8
 Lehudib's Crystal Spear  Conj/Erth      7%         10d3      100%        8


Dungeon Overview and Level Annotations

Branches:
Dungeon (13/15)            Temple (1/1) D:6            Lair (5/5) D:9
  Swamp (0/4) Lair:2        Snake (0/4) Lair:2        Slime (0/5) Lair:4
    Orc (0/2) D:10         Vaults (0/5) D:13

Altars:
Ashenzari
Cheibriados
Dithmenos
Fedhas
Gozag
Hepliaklqana
Kikubaaqudgha
Makhleb
Nemelex Xobeh
Okawaru
Qazlal
Ru
Sif Muna
Trog
Uskayaw
Vehumet
Wu Jian
Xom
Yredelemnul
Jiyva

Shops:
D:2 *   D:3 ?   D:6 :

Annotations:
D:10 2 transporters, BobJudy's ghost, journeyman MiMo


Innate Abilities, Weirdness & Mutations

You have a pair of small antennae on your head.
Your demonic aura often causes spilled blood to erupt in flames.
You regenerate health from kills.
You are mostly covered in razor-sharp scales. (AC +2, Slay +2)


Message History

Casting: Vampiric Draining (safe; 1% risk of failure)
Confirm with . or Enter, or press ? or * to list all spells.
Aiming: Borgnjor's Vile Clutch (dangerous; 8% risk of failure)
Press: ? - help, Shift-Dir - straight line, f - deep elf pyromancer
Aim: a deep elf pyromancer, wielding a +0 short sword (100% to hit)
Zombie hands grab the deep elf pyromancer.
The liquid fire burns you!
The zombie hands constrict the deep elf pyromancer.
The deep elf pyromancer struggles to escape constriction.
You shake off some of the fire as you move.
The liquid fire burns you!
The zombie hands constrict the deep elf pyromancer.
The deep elf pyromancer escapes!
You barely miss the deep elf pyromancer.
The deep elf pyromancer is moderately wounded.
The liquid fire burns you!
The deep elf pyromancer closely misses you.
The deep elf pyromancer misses you.
You closely miss the deep elf pyromancer.
The deep elf pyromancer is moderately wounded.
The liquid fire burns you!
* * * LOW HITPOINT WARNING * * *
The deep elf pyromancer closely misses you.
The deep elf pyromancer hits you but does no damage.
You hit the deep elf pyromancer.
The deep elf pyromancer is heavily wounded.
The liquid fire burns you!
* * * LOW HITPOINT WARNING * * *
The deep elf pyromancer closely misses you.
The deep elf pyromancer casts a spell.
The deep elf pyromancer blinks!
Casting: Borgnjor's Vile Clutch (dangerous; 8% risk of failure)
Confirm with . or Enter, or press ? or * to list all spells.
Aiming: Borgnjor's Vile Clutch (dangerous; 8% risk of failure)
Press: ? - help, Shift-Dir - straight line, f/p - deep elf pyromancer
Aim: a deep elf pyromancer, wielding a +0 short sword (moderately wounded, 100% to hit)
Zombie hands grab the deep elf pyromancer.
The liquid fire burns you!
You die...
Kikubaaqudgha rasps: "You have failed me!
Welcome... death!"

[..##.#..# #.# #.)§§)#)### #.#
...##.#..## #.# #§.§..#)### #.#
..........####.# #..<..#<..# #.##
...............###########.###..#
...##.#.###......................
...##.#.# ##...########.........#
...#..#.# #..#[...####..####..#.#
.....##.###.#####)........###.#..
....###.#.......@e#######.###.##.
.○..○°☼.....####### #.....##.
...°○##.##### #####.##. ##..#####
#.... #.## #.... #.# ###.. ##>#
#.. #!.# ##. ..## #.


You could see a deep elf pyromancer (clutched).

Vanquished Creatures
  A fire dragon (Lair:5)
  3 hydras
  A catoblepas (D:12)
  6 two-headed ogres
  A boulder beetle (Lair:1)
  3 death yaks
  A tengu warrior (D:13)
  Amaemon (D:7)
  A fire crab (Lair:5)
  A skyshark (Lair:2)
  3 bog bodies (Lair:2)
  A lindwurm (Lair:3)
  A deep elf zephyrmancer (D:13)
  2 orc knights
  A necromancer (D:13)
  An ugly thing (D:9)
  A cyclops (D:11)
  7 black mambas
  16 elephants
  A torpor snail (Lair:5)
  6 gargoyles
  Jeremiah (D:6)
  Maggie (Lair:1)
  6 rime drakes
  7 cane toads
  An unseen horror (D:12)
  13 komodo dragons
  A hydra zombie (Lair:4)
  4 trolls
  A hornet (D:10)
  4 polar bears
  23 blink frogs
  7 slime creatures (D:12)
  3 wraiths
  Sigmund (D:6)
  A shadow (D:12)
  7 wyverns
  29 yaks
  2 basilisks
  Eustachio (D:6)
  A steam dragon (Lair:5)
  Grum (D:9)
  3 nagas (Lair:2)
  3 acid dragons
  11 water moccasins
  2 cane toad zombies
  3 hell hounds (Lair:5)
  11 orc warriors
  A sky beast (D:7)
  2 laughing skulls (D:13)
  2 black bears
  9 wolves
  2 ogres
  2 centaurs
  A phantom (D:5)
  A kobold brigand (D:7)
  Blork the orc (D:4)
  A komodo dragon zombie (Lair:3)
  6 bullfrogs
  A cane toad simulacrum (Lair:2)
  7 scorpions
  A water moccasin zombie (Lair:2)
  5 wights (D:9)
  4 killer bees (D:7)
  2 yak zombies (Lair:1)
  An elephant simulacrum (Lair:2)
  4 electric eels (Lair:1)
  11 orc priests
  2 bombardier beetles
  2 gnoll boudas (D:7)
  4 hounds
  4 jellies
  A sleepcap (D:4)
  3 iguanas
  10 orc wizards
  2 troll simulacra (Lair:2)
  Robin (D:2)
  7 gnolls (D:7)
  5 adders
  2 steam dragon zombies (Lair:5)
  A shadow imp (D:5)
  A white imp (Lair:2)
  2 ufetubi (D:6)
  5 dart slugs
  8 ribbon worms
  49 orcs
  2 bats (D:2)
  19 endoplasms
  6 giant cockroaches
  19 goblins
  5 hobgoblins
  4 quokkas
  6 ball pythons
  4 frilled lizards
  12 kobolds
  11 rats
  A butterfly (D:6)
469 creatures vanquished.

Vanquished Creatures (collateral kills)
  5 elephants
  2 cane toads (Lair:5)
  2 black mambas
  2 molten gargoyles (Lair:5)
  A gargoyle (D:9)
  3 komodo dragons
  A rime drake (Lair:5)
  An ice devil (Lair:2)
  3 blink frogs
  3 yaks
  A wyvern (Lair:5)
  2 steam dragons (Lair:5)
  A basilisk (Lair:5)
  2 hell hounds (Lair:5)
  3 wolves
  A bullfrog (Lair:4)
  4 lava snakes (Lair:5)
  A polar bear simulacrum (Lair:2)
  An orc (D:7)
  2 endoplasms
41 creatures vanquished.

Vanquished Creatures (others)
  A hydra zombie (Lair:5)
  A yak (Lair:2)
  A black mamba zombie (Lair:5)
  2 cane toad zombies
  2 elephant zombies (Lair:1)
  5 komodo dragon zombies
  A hell hound zombie (Lair:5)
  A bullfrog zombie (Lair:2)
  A steam dragon zombie (Lair:5)
  A jelly zombie (Lair:4)
  A lava snake zombie (Lair:5)
  3 endoplasm zombies (Lair:4)
20 creatures vanquished.

Grand Total: 530 creatures vanquished

Notes
Turn   | Place    | Note
-------+----------+-------------------------------------------
     0 | D:1      | PaiMei the Demonspawn Necromancer began the quest for the
                  | Orb.
     0 | D:1      | Reached XP level 1. HP: 13/13 MP: 3/3
   418 | D:1      | Gained mutation: You are partially covered in razor-sharp
                  | scales. (AC +1, Slay +1) [demonic ancestry]
   418 | D:1      | Reached XP level 2. HP: 19/19 MP: 0/5
   940 | D:1      | Found a faded altar of an unknown god.
  1314 | D:1      | Reached XP level 3. HP: 24/24 MP: 4/6
  1714 | D:2      | Learned a level 3 spell: Vampiric Draining
  2221 | D:2      | Noticed Robin
  2229 | D:2      | Killed Robin
  2230 | D:2      | Reached XP level 4. HP: 31/31 MP: 0/7
  2367 | D:2      | Found Terir's General Store.
  2376 | D:2      | Bought a potion of curing for 30 gold pieces
  2376 | D:2      | Bought a scroll of identify for 20 gold pieces
  2976 | D:2      | Reached skill level 1 in Fighting
  2976 | D:2      | Reached skill level 5 in Necromancy
  3753 | D:3      | Found Sotiann's Magic Scroll Emporium.
  3759 | D:3      | Bought a scroll of teleportation for 42 gold pieces
  3876 | D:3      | Gained mutation: You are mostly covered in razor-sharp
                  | scales. (AC +2, Slay +2) [demonic ancestry]
  3876 | D:3      | Reached XP level 5. HP: 37/37 MP: 3/9
  4586 | D:4      | Gained mutation: You have a pair of small antennae on your
                  | head. [demonic ancestry]
  4586 | D:4      | Reached XP level 6. HP: 44/44 MP: 0/11
  4728 | D:4      | Noticed Blork the orc
  4738 | D:4      | Killed Blork the orc
  5274 | D:5      | Entered Level 5 of the Dungeon
  5933 | D:5      | Identified the +6 mace "Roahoyv" {heavy, rC+}
  5956 | D:5      | Reached skill level 6 in Necromancy
  5956 | D:5      | Gained mutation: Your demonic aura sometimes causes spilled
                  | blood to erupt in flames. [demonic ancestry]
  5956 | D:5      | Reached XP level 7. HP: 52/52 MP: 3/12
  7538 | D:5      | Learned a level 4 spell: Animate Dead
  7557 | D:6      | Noticed Eustachio
  7560 | D:6      | Found Mycvet's Vocational Training.
  7566 | D:6      | Killed Eustachio
  7795 | D:6      | Found a staircase to the Ecumenical Temple.
  7856 | D:6      | Noticed Jeremiah
  7901 | Temple   | Entered the Ecumenical Temple
  7906 | Temple   | Became a worshipper of Kikubaaqudgha
  7991 | D:6      | Noticed Sigmund
  8000 | D:6      | Killed Sigmund
  8001 | D:6      | Reached XP level 8. HP: 60/60 MP: 13/15
  8257 | D:6      | Reached skill level 7 in Necromancy
  8523 | D:7      | Reached skill level 5 in Dodging
  8523 | D:7      | Reached skill level 5 in Spellcasting
  8868 | D:7      | Reached skill level 5 in Fighting
  9086 | D:7      | Found a shimmering altar of Xom.
  9157 | D:7      | Reached * piety under Kikubaaqudgha
  9157 | D:7      | Received a gift from Kikubaaqudgha
  9357 | D:7      | Gained mutation: Your demonic aura often causes spilled
                  | blood to erupt in flames. [demonic ancestry]
  9357 | D:7      | Reached XP level 9. HP: 34/68 MP: 7/17
  9721 | D:7      | Learned a level 4 spell: Dispel Undead
  9738 | D:8      | Reached skill level 8 in Necromancy
 10572 | D:8      | Noticed an orange demon
 10611 | D:8      | Noticed Amaemon
 10629 | D:7      | Killed Amaemon
 11444 | D:9      | Noticed a gargoyle
 11714 | D:9      | Noticed a white ugly thing
 11744 | D:9      | Reached skill level 9 in Necromancy
 11834 | D:9      | Reached XP level 10. HP: 71/77 MP: 10/20
 12273 | D:9      | Reached ** piety under Kikubaaqudgha
 12445 | D:9      | Noticed Grum
 12456 | D:9      | Killed Grum
 12831 | D:9      | Killed a white ugly thing
 13104 | D:9      | Found a staircase to the Lair.
 13228 | D:9      | Noticed a gargoyle
 13232 | D:9      | Killed a gargoyle
 13233 | D:9      | Reached skill level 10 in Necromancy
 13235 | D:9      | Killed a gargoyle
 13497 | D:9      | Noticed a gargoyle
 13506 | D:9      | Killed a gargoyle
 13840 | D:10     | Entered Level 10 of the Dungeon
 13994 | D:10     | Paralysed by a hornet for 2 turns
 14093 | D:10     | Found a staircase to the Orcish Mines.
 14573 | D:10     | Found a transporter.
 14576 | D:10     | Noticed a gargoyle
 14577 | D:10     | Noticed BobJudy's ghost (journeyman MiMo)
 14596 | D:10     | Noticed a centaur warrior
 14607 | D:10     | Found a transporter.
 15130 | D:10     | Reached XP level 11. HP: 79/87 MP: 16/23
 16089 | D:11     | Noticed a two-headed ogre
 16232 | Lair:1   | Entered Level 1 of the Lair of Beasts
 16239 | Lair:1   | Learned a level 5 spell: Curse of Agony
 16253 | Lair:1   | Noticed a boulder beetle
 16271 | Lair:1   | Killed a boulder beetle
 16646 | Lair:1   | Noticed Maggie
 16666 | Lair:1   | Killed Maggie
 17017 | Lair:1   | Reached skill level 11 in Necromancy
 17873 | Lair:1   | Reached *** piety under Kikubaaqudgha
 17873 | Lair:1   | Received a gift from Kikubaaqudgha
 18314 | Lair:2   | Noticed a bog body
 18315 | Lair:2   | Found a staircase to the Swamp.
 19128 | Lair:2   | Noticed a death yak
 19308 | Lair:2   | Reached XP level 12. HP: 96/97 MP: 25/25
 19501 | Lair:2   | Reached skill level 10 in Fighting
 19506 | Lair:2   | HP: 2/97 [naga/+0 long sword (25)]
 19807 | Lair:2   | Reached skill level 12 in Necromancy
 20051 | Lair:2   | Found a staircase to the Snake Pit.
 20367 | Lair:2   | Reached **** piety under Kikubaaqudgha
 20377 | Lair:2   | Reached skill level 10 in Dodging
 20496 | Lair:2   | Reached skill level 10 in Spellcasting
 20599 | Lair:2   | Killed a death yak
 20728 | Lair:2   | Learned a level 4 spell: Anguish
 20733 | Lair:2   | Learned a level 4 spell: Martyr's Knell
 21650 | Lair:2   | Reached skill level 13 in Necromancy
 21650 | Lair:2   | Gained mutation: You regenerate a little health from kills.
                  | [demonic ancestry]
 21650 | Lair:2   | Reached XP level 13. HP: 47/106 MP: 11/27
 23612 | Lair:3   | HP: 5/106 [poisoned by a cane toad]
 24520 | Lair:4   | Found a viscous altar of Jiyva.
 24521 | Lair:4   | Found a staircase to the Slime Pits.
 25285 | Lair:5   | Entered Level 5 of the Lair of Beasts
 25451 | Lair:5   | Reached skill level 1 in Evocations
 27033 | Lair:5   | Found a large runed translucent door.
 27034 | Lair:5   | Found a large runed translucent door.
 27079 | Lair:4   | Reached ***** piety under Kikubaaqudgha
 27569 | Lair:5   | HP: 2/108 [blink frog (12)]
 27992 | Lair:5   | Reached skill level 14 in Necromancy
 28727 | Lair:5   | Gained mutation: You regenerate health from kills. [demonic
                  | ancestry]
 28727 | Lair:5   | Reached XP level 14. HP: 83/116 MP: 29/29
 30888 | D:6      | Killed Jeremiah
 31097 | D:2      | Bought a book of Unlife for 360 gold pieces
 31104 | D:2      | Learned a level 5 spell: Borgnjor's Vile Clutch
 31165 | D:3      | Bought a scroll of blinking for 105 gold pieces
 31683 | D:11     | Reached skill level 5 in Evocations
 35154 | D:13     | Reached skill level 1 in Maces & Flails
 35154 | D:13     | Reached skill level 1 in Shields
 36004 | D:13     | Found a gate to the Vaults.
 36176 | D:13     | HP: 2/118 [burnt (28)]
 36177 | D:13     | Incinerated by a deep elf pyromancer

Illustrated notes

Levels and vault maps discovered:
D:1:      minmay_arrival_up_and_down, layout_basic,
          dreamdust_ecumenical_altar_angels_and_demons, minmay_crystal_room,
          minmay_close_crescents
D:2:      layout_loops_corners, serial_shops, nicolae_shop_tiny_statue_garden,
          minmay_quantized, uniq_robin
D:3:      layout_basic, serial_shops, shop
D:4:      layout_loops_corners, chequers_arboretum, uniq_blork_the_orc
D:5:      nicolae_cairo_tiling_large, layout_cave_pods, nicolae_wormholes
D:6:      layout_rooms, minmay_temple_entry_butterflies,
          nicolae_shop_vocational, uniq_jeremiah, uniq_sigmund, uniq_eustachio
D:7:      layout_loops_cross, mainiacjoe_overflow_alcove_1
D:8:      layout_cave_pools, uniq_amaemon
D:9:      cheibrodos_statue_roulette, layout_long_grid,
          grunt_lair_entry_orc_guard_hut, uniq_grum
D:10:     layout_rooms, david_orc_5, nzn_ghost_randoct,
          hangedman_decor_opposing, minmay_quadrilaterals
D:11:     layout_small_grid
D:12:     layout_basic
D:13:     layout_rooms, david_vaults_1, drop_trap
Temple:   compressed_dpeg_triangle_lava_temple
Lair:1:   layout_gridlike, serial_bayou, serial_bayou_shore_b,
          serial_bayou_shore_b, serial_bayou_ford_a, serial_bayou_crossing,
          nzn_sisyphean_effort, uniq_maggie
Lair:2:   dreamdust_isle_of_ice, layout_cave_pods, skrybe_swamp_entry_bodies,
          minmay_snake_entry_guardpost_small, grunt_megastairs_4
Lair:3:   layout_chaotic_city, nicolae_volcano_entry_s_turn, grunt_megastairs_2,
          infiniplex_staircase_pool_2, lemuel_fruit_tree
Lair:4:   layout_misc_corridors, nicolae_slime_entry_slimehenge,
          serial_bayou_shore_b
Lair:5:   cheibrodos_lair_end_hotspot, layout_loops_ring,
          nicolae_quartered_pool_medium

Skill      XL: |  1  2  3  4  5  6  7  8  9 10 11 12 13 14 |
---------------+-------------------------------------------+-----
Stealth        | 2 |  2.4
Dodging        | 2 3 4 5 6 8 9 10 11 | 11.0
Fighting       | 1 2 3 4 5 6 8 9 11 12 13 | 13.0
Necromancy     | 5 6 7 9 10 11 13 14 | 14.9
Spellcasting   | 3 4 5 6 8 9 10 11 12 | 12.2
Evocations     | 4 6 |  6.0
Maces & Flails | 1 |  1.9
Shields        | 1 |  1.8

Action                     |  1- 3 |  4- 6 |  7- 9 | 10-12 | 13-15 || total
---------------------------+-------+-------+-------+-------+-------++-------
  Melee: Unarmed           |     8 |       |       |       |       ||     8
         Whip              |    13 |     7 |       |       |       ||    20
         Short sword       |       |    18 |       |       |       ||    18
         Mace              |       |     2 |    89 |   155 |   228 ||   474
         Punch             |       |       |     1 |     5 |     7 ||    13
   Cast: Necrotise         |    92 |   101 |   122 |   123 |   157 ||   595
         Vampiric Draining |       |    15 |    55 |   210 |   200 ||   480
         Dispel Undead     |       |       |     2 |    14 |     7 ||    23
         Animate Dead      |       |       |       |     8 |     9 ||    17
         Curse of Agony    |       |       |       |    13 |    25 ||    38
         Anguish           |       |       |       |       |     1 ||     1
         Borgnjor's Vile C |       |       |       |       |    31 ||    31
    Use: Scroll            |       |       |     6 |     5 |    12 ||    23
         Potion            |       |       |     1 |     4 |     1 ||     6
   Stab: Sleeping          |       |     1 |     1 |       |     3 ||     5
         Distracted        |       |       |       |       |     1 ||     1
 Armour: Robe              |    21 |    28 |   159 |   393 |   293 ||   894
         Troll leather arm |       |       |       |       |   187 ||   187
  Dodge: Dodged            |    18 |    45 |   208 |   502 |   753 ||  1526
         Form:             |       |     1 |       |       |       ||     1
         Death             |       |     1 |       |       |       ||     1
